 Dungeon Crawl Stone Soup version 0.30-a0-341-g682706514a (webtiles) character file.

Game seed: 1386129322817452047

332 Lanoc the Purveyor of Pain (level 6, 0/41 HPs)
             Began as a Demonspawn Necromancer on Nov 4, 2022.
             Was an Initiate of Kikubaaqudgha.
             Slain by a scorpion (8 damage)
             ... on level 5 of the Dungeon.
             The game lasted 00:04:55 (3056 turns).

Lanoc the Purveyor of Pain (Demonspawn Necromancer) Turns: 3056, Time: 00:04:56

Health: 0/41       AC:  2    Str:  6 (8)  XL:     6   Next: 26%
Magic:  0/9        EV: 13    Int: 17 (18) God:    Kikubaaqudgha [......]
Gold:   230        SH:  0    Dex: 11 (14) Spells: 1/9 levels left

rFire   + . .      SeeInvis .    (no weapon)
rCold   + . .      Faith    .    (no shield)
rNeg    . . .      Spirit   .    q - +0 robe {rC+ rF+}
rPois   .          Reflect  .    (helmet restricted)
rElec   .          Harm     +    i - scarf {harm}
rCorr   .          Rampage  .    (no gloves)
Will    .....                    (no boots)
Stlth   ++........               (no amulet)
HPRegen 0.26/turn                (no ring)
MPRegen 0.11/turn                (no ring)

@: lethally poisoned (0 -> -13), attractive
A: horns 2, ignite blood 1, demonic magic 1
a: Renounce Religion


You were on level 5 of the Dungeon.
You worshipped Kikubaaqudgha.
Kikubaaqudgha was noncommittal.
You visited 2 branches of the dungeon, and saw 6 of its levels.

You collected 230 gold pieces.

Inventory:

Missiles
 o - a throwing net
 p - 5 curare-tipped darts
Armour
 i - a scarf of harm (worn)
 q - a +0 robe of resistance (worn)
Jewellery
 m - the amulet of Temperance {Acrobat *Slow rF+++ Int-4 Dex+4}
   (You found it on level 2 of the Dungeon)

   [amulet of the acrobat]

   It increases your evasion while moving and waiting.
   Int:       It affects your intelligence (-4).
   Dex:       It affects your dexterity (+4).
   rF:        It renders you almost immune to fire.
   *Slow:     It may slow you when you take damage.
Wands
 k - a wand of mindburst (15)
Scrolls
 b - a scroll of vulnerability {unknown}
 d - a scroll of summoning {unknown}
 f - 5 scrolls of identify {unknown}
 j - a scroll of magic mapping {unknown}
 l - a scroll of noise {unknown}
 s - a scroll of teleportation {unknown}
Potions
 a - a potion of magic
 c - a potion of invisibility {unknown}
 e - a potion of cancellation {unknown}
 g - a potion of degeneration
 h - a potion of haste {unknown}
 n - a potion of attraction
 r - a potion of mutation {unknown}


   Skills:
 + Level 3.7 Dodging
 - Level 1.7 Stealth
 - Level 2.0 Spellcasting
 * Level 7.3 Necromancy


You had one spell level left.
You knew the following spells:

 Your Spells              Type           Power      Damage    Failure   Level
a - Necrotise             Necr           100%       1d9       1%          1
b - Vampiric Draining     Necr           26%        2d7       3%          3
c - Animate Dead          Necr           26%        N/A       10%         4

Your spell library contained the following spells:

 Spells                   Type           Power      Damage    Failure   Level
 Magic Dart               Conj           4%         1d3       19%         1
 Agony                    Necr           26%        N/A       26%         5
 Searing Ray              Conj           2%         2d4       28%         2
 Fulminant Prism          Conj/Hex       0%         3d5       88%         4


Dungeon Overview and Level Annotations

Branches:
Dungeon (5/15)             Temple (1/1) D:4

Altars:
Cheibriados
Hepliaklqana
Kikubaaqudgha
Okawaru
Ru
Wu Jian


Innate Abilities, Weirdness & Mutations

You have a pair of horns on your head.
Your demonic aura sometimes causes spilled blood to erupt in flames.
Spells you cast may paralyse adjacent enemies.


Message History

You hit the scorpion but do no damage.
The helpless scorpion fails to defend itself.
You hit the scorpion but do no damage.
The helpless scorpion fails to defend itself.
You hit the scorpion but do no damage.
The scorpion is no longer paralysed.
The scorpion barely misses you.
Casting: Necrotise (safe; 1% risk of failure)
Confirm with . or Enter, or press ? or * to list all spells.
Aiming: Necrotise (safe; 1% risk of failure)
Press: ? - help, Shift-Dir - straight line, f/p - scorpion
Aim: a scorpion (chance to affect: 83%)
The scorpion writhes in agony!
Malevolent energies surge around you. The scorpion stings you.
You are poisoned.
The scorpion poisons you!
You hit the scorpion.
The scorpion is severely wounded.
You feel very sick. The scorpion stings you.
You are more poisoned.
The scorpion poisons you!
You barely miss the scorpion.
The scorpion is severely wounded.
You feel very sick. The scorpion completely misses you.
The scorpion stings you.
You are lethally poisoned!
The scorpion poisons you!
It was a potion of degeneration.
There was something very wrong with that liquid.
You feel weakened.
You feel dopey.
You feel clumsy.
* * * LOW HITPOINT WARNING * * *
You feel very sick. The scorpion barely misses you.
It was a potion of attraction.
You feel attractive to monsters.
* * * LOW HITPOINT WARNING * * *
You feel very sick. The scorpion stings you!
You die...
Kikubaaqudgha rasps: "You have failed me!
Welcome... death!"

### ## ###...#
##.# .......
#...##.......
#...@........
#......s.......
##........#..##
##..)....# .#
..........#
..........#..
.).............
...............


You could see a scorpion.

Vanquished Creatures
  Pargi (D:3)
  A hound (D:5)
  A jelly (D:5)
  Jessica (D:3)
  An orc wizard (D:4)
  4 adders
  2 gnolls (D:3)
  A worm (D:2)
  A dart slug (D:2)
  10 orcs
  4 endoplasms
  3 giant cockroaches
  4 goblins
  3 hobgoblins
  2 kobolds (D:2)
  A quokka (D:2)
  8 ball pythons
  3 bats
  A rat (D:3)
52 creatures vanquished.

Vanquished Creatures (collateral kills)
  A gnoll (D:3)
  A dart slug (D:2)
  A ball python (D:1)
  A bat (D:2)
  A rat (D:2)
5 creatures vanquished.

Grand Total: 57 creatures vanquished

Notes
Turn   | Place    | Note
-------+----------+-------------------------------------------
     0 | D:1      | Lanoc the Demonspawn Necromancer began the quest for the
                  | Orb.
     0 | D:1      | Reached XP level 1. HP: 13/13 MP: 3/3
   631 | D:2      | Gained mutation: You have a pair of small horns on your
                  | head. [demonic ancestry]
   631 | D:2      | Reached XP level 2. HP: 19/19 MP: 3/5
   869 | D:2      | Reached skill level 5 in Necromancy
   885 | D:2      | Gained mutation: Spells you cast may paralyse adjacent
                  | enemies. [demonic ancestry]
   885 | D:2      | Reached XP level 3. HP: 22/24 MP: 0/6
   889 | D:2      | Learned a level 3 spell: Vampiric Draining
   954 | D:2      | Identified the amulet of Temperance {Acrobat *Slow rF+++
                  | Int-4 Dex+4}
  1646 | D:3      | Noticed Jessica
  1650 | D:3      | Killed Jessica
  1651 | D:3      | Gained mutation: You have a pair of horns on your head.
                  | [demonic ancestry]
  1651 | D:3      | Reached XP level 4. HP: 30/30 MP: 3/7
  1724 | D:3      | Reached skill level 6 in Necromancy
  1824 | D:3      | Noticed Pargi
  1838 | D:3      | Killed Pargi
  1839 | D:3      | Reached XP level 5. HP: 25/35 MP: 5/8
  2041 | D:3      | Learned a level 4 spell: Animate Dead
  2370 | D:4      | Found a staircase to the Ecumenical Temple.
  2418 | Temple   | Entered the Ecumenical Temple
  2443 | Temple   | Became a worshipper of Kikubaaqudgha
  2608 | D:4      | Reached skill level 7 in Necromancy
  2693 | D:4      | Gained mutation: Your demonic aura sometimes causes spilled
                  | blood to erupt in flames. [demonic ancestry]
  2693 | D:4      | Reached XP level 6. HP: 41/41 MP: 6/9
  2999 | D:5      | Entered Level 5 of the Dungeon
  3056 | D:5      | Slain by a scorpion

Illustrated notes

Levels and vault maps discovered:
D:1:      minmay_arrival_stair_chambers, layout_basic
D:2:      layout_loops_ring, minmay_pentomino_o4
D:3:      layout_rooms, nicolae_kite_square_tiling_tiny,
          kennysheep_generic_room_2, uniq_jessica, uniq_pargi
D:4:      layout_basic, minmay_temple_entry_glass
D:5:      layout_cave_pools, lemuel_coloured_pillars_altar, uniq_menkaure
Temple:   hellmonk_temple_of_storms

Skill      XL: |  1  2  3  4  5 |
---------------+----------------+-----
Dodging        | 2 3 |  3.7
Necromancy     | 5 6 7 |  7.3
Stealth        | |  1.7
Spellcasting   | |  2.0

Action                   |  1- 3 |  4- 6 || total
-------------------------+-------+-------++-------
Melee: Unarmed           |     9 |     7 ||    16
 Cast: Necrotise         |    53 |    66 ||   119
  Use: Potion            |       |     3 ||     3
 Stab: Paralysed         |       |     5 ||     5
Armor: Robe              |     1 |     5 ||     6
Dodge: Dodged            |    16 |    25 ||    41

Table legend: (Time is in decaauts)
 A = Elapsed time spent in this place.
 B = Non-inter-level travel time spent in this place.
 C = Inter-level travel time spent in this place.
 D = Time resting spent in this place.
 E = Time spent auto-exploring this place.
 F = Levels seen in this place.
 G = Mean time per level.
                   A        B        C        D        E       F      G
               +--------+--------+--------+--------+--------+-----+--------+
         Total |   3055 |   2939 |    116 |      0 |   2565 |   6 |  509.2 |
       Dungeon |   3019 |   2912 |    107 |      0 |   2549 |   5 |  603.8 |
        Temple |     35 |     26 |      9 |      0 |     16 |   1 |   35.0 |
               +--------+--------+--------+--------+--------+-----+--------+

Top non-repeatable levels by time:
     D:2: 1003 daAuts
     D:3: 710 daAuts
     D:4: 698 daAuts
     D:1: 550 daAuts
     D:5: 56 daAuts
  Temple: 35 daAuts
